 Dungeon Crawl Stone Soup version 0.29-a0-23-ga79f92ac9c (webtiles) character file.

Game seed: 16221508427949422619

148 Nattfarinn the Magician (level 5, -1/39 HPs)
             Began as a Djinni Conjurer on Jan 29, 2022.
             Slain by an orc priest (4 damage)
             ... on level 4 of the Dungeon.
             The game lasted 00:03:35 (3289 turns).

Nattfarinn the Magician (Djinni Conjurer)           Turns: 3289, Time: 00:03:36

Health: -1/39      AC:  2    Str: 10    XL:     5   Next: 56%
Gold:   111        EV: 12    Int: 22    God:
                   SH:  0    Dex: 11

rFire   + + .      SeeInvis .   m - +8 mace "Fioqoet" {vorpal, Str+4}
rCold   x . .      Faith    .   (no shield)
rNeg    . . .      Spirit   .   a - +0 robe
rPois   ∞          Reflect  .   (no helmet)
rElec   .          Harm     .   (no cloak)
rCorr   .          Rampage  .   (no gloves)
Will    .....                   (boots unavailable)
Stlth   ++........              (no amulet)
HPRegen 0.13/turn               (no ring)
MPRegen 0.00/turn               (no ring)

@: brilliant, about to teleport, flying
A: sickness immunity, fire resistance 2, cold vulnerability 1, float, innate
caster, HP casting, extra vitality 1
a: no special abilities


You were on level 4 of the Dungeon.
You visited 1 branch of the dungeon, and saw 4 of its levels.

You collected 111 gold pieces.

Inventory:

Hand Weapons
 b - a +0 dagger of draining
 m - the +8 mace "Fioqoet" (weapon) {vorpal, Str+4}
   (You found it on level 2 of the Dungeon)

   It inflicts extra damage upon your enemies.
   Str:       It affects your strength (+4).
Armour
 a - a +0 robe (worn)
 l - a +0 cloak
Scrolls
 c - a scroll of amnesia
 f - a scroll of summoning {unknown}
 g - a scroll of magic mapping
 i - a scroll of fear {unknown}
 j - a scroll of fog {unknown}
 q - 2 scrolls of identify
Potions
 e - a potion of ambrosia {unknown}
 h - a potion of degeneration {unknown}
 o - a potion of resistance {unknown}
 p - a potion of mutation {unknown}
 r - a potion of lignification {unknown}
 s - a potion of magic {unknown}


   Skills:
 + Level 2.5 Fighting
 - Level 2.1 Dodging
 - Level 1.5 Stealth
 * Level 4.5 Spellcasting


You couldn't memorise any spells.
You knew the following spells:

 Your Spells              Type           Power      Damage    Failure   Level
a - Magic Dart            Conj           100%       1d8       1%          1
b - Searing Ray           Conj           74%        2d7       2%          2
c - Dazzling Flash        Conj/Hex       74%        N/A       4%          3
d - Fulminant Prism       Conj/Hex       18%        3d11      16%         4
e - Iskenderun's Mystic   Conj/Tloc      37%        2d9       16%         4
f - Freeze                Ice            100%       1d11      1%          1
g - Call Imp              Summ           37%        N/A       2%          2
Your spell library was empty.

Dungeon Overview and Level Annotations

Branches:
Dungeon (4/15)
 Temple: D:4-7

Altars:


Innate Abilities, Weirdness & Mutations

You are immune to sickness and miasma.
You are immune to poison.
Your flesh is very heat resistant. (rF++)
You are vulnerable to cold. (rC-)
You float through the air rather than walking.
You learn spells naturally, not from books.
Your magical power is your life essence.
You have superior vitality. (+4 MHP)


Message History

The orc priest looks satisfied for a moment.
The orc priest closely misses you.
You sock the orc priest!
The orc priest is almost dead.
The orc priest barely misses you.
You closely miss the orc priest.
The orc priest is almost dead.
The orc priest calls upon Beogh to heal the orc priest.
The orc priest is healed somewhat.
The orc priest hits you with a +0 club.
* * * LOW HITPOINT WARNING * * *
You closely miss the orc priest.
The orc priest is heavily wounded.
The orc priest hits you with a +0 club.
* * * LOW HITPOINT WARNING * * *
The orc priest calls upon Beogh to heal the orc priest.
The orc priest is healed somewhat.
A phantom comes into view.
The orc priest begins to cast a cantrip, but forgets the words!
It was a potion of brilliance.
You feel clever all of a sudden.
The orc priest casts a cantrip, but nothing happens.
It was a potion of curing.
You feel better. The orc priest barely misses you.
As you read the scroll labelled FAOSSE KOOSE, it crumbles to dust.
You feel aware of your surroundings.
You sensed 1 altar.
It was a scroll of magic mapping.
The orc priest calls upon Beogh to heal the orc priest.
The orc priest's wounds heal themselves!
The orc priest hits you with a +0 club.
* * * LOW HITPOINT WARNING * * *
Okay, then.
As you read the scroll labelled JESEUSTICYOM, it crumbles to dust.
It is a scroll of identify.
c - a scroll of amnesia The orc priest hits you with a +0 club.
* * * LOW HITPOINT WARNING * * *
Okay, then.
As you read the scroll labelled HOASHU WASHEFE, it crumbles to dust.
You feel strangely unstable.
It was a scroll of teleportation.
The orc priest hits you with a +0 club.
You die...

,,,,,******#####.#
,,,,,,,,,,,#.....#
,,,,******,#.###.# ,,,,* *,#.#
#.# ,,,,******,#.# #.#
,,,,,,,,,*,#.# #.# ,,,,****,*,#.#
#.# ***** ,,,,,,,,,,,#<# #.#
*,,,, ,,,,,***,**### #@# *,,,,
,,,,,***,,,,,**#o#** **,,,,
,>,,,,,,,.o.$..Wo..# *,,,,,
*,*******##......#.#* *,,,,,
,,,,,,<,,*#......#..# *****,****
*,******,........#*.#* *,,,*,*
*,*******###.##...,..***,*,*,****
,,,,,,,,,,,..,)...,,..,,,,,,,,,,,
,,,,******##,*....,,...,,,,*,****


You could see a phantom and 2 orc priests.

Vanquished Creatures
  Crazy Yiuf (D:2)
  An iguana (D:3)
  4 adders
  A worm (D:2)
  A dart slug (D:1)
  2 orcs (D:4)
  4 bats
  An endoplasm (D:3)
  2 giant cockroaches
  5 goblins
  5 hobgoblins
  7 jackals
  3 quokkas
  5 ball pythons
  A frilled lizard (D:2)
  4 kobolds
  4 rats
51 creatures vanquished.

Vanquished Creatures (others)
  A plant (D:1)
1 creature vanquished.

Grand Total: 52 creatures vanquished

Notes
Turn   | Place    | Note
-------+----------+-------------------------------------------
     0 | D:1      | Nattfarinn the Djinni Conjurer began the quest for the Orb.
     0 | D:1      | Reached XP level 1. HP: 15/15 MP: 0/0
   286 | D:1      | Reached XP level 2. HP: 18/22 MP: 0/0
   506 | D:1      | Reached skill level 1 in Fighting
  1162 | D:2      | Found a faded altar of an unknown god.
  1194 | D:2      | Reached XP level 3. HP: 22/27 MP: 0/0
  1194 | D:2      | Learned a level 1 spell: Freeze
  1715 | D:2      | Reached XP level 4. HP: 24/32 MP: 0/0
  1891 | D:2      | Reached skill level 4 in Spellcasting
  2383 | D:2      | Found a runed translucent door.
  2384 | D:2      | Noticed Crazy Yiuf
  2393 | D:2      | Killed Crazy Yiuf
  2400 | D:2      | Identified the +8 mace "Fioqoet" {vorpal, Str+4}
  2733 | D:3      | Identified the +0 robe of Eternal Vigilance {rElec rPois
                  | Stlth-}
  2782 | D:3      | Reached XP level 5. HP: 35/38 MP: 0/0
  2782 | D:3      | Learned a level 2 spell: Call Imp
  3284 | D:4      | Noticed a phantom
  3289 | D:4      | Slain by an orc priest

Illustrated notes

Levels and vault maps discovered:
D:1:      evilmike_arrival_hilbert_curve, layout_basic, serial_bayou,
          serial_bayou_pond_c, serial_bayou_lake_a, serial_bayou_shore_a,
          serial_bayou_shore_b, serial_bayou_shore_b, serial_bayou_pond_e
D:2:      layout_basic, ebering_ecumenical_altar_petrified,
          uniq_crazy_yiuf_cottage
D:3:      layout_rooms, nrook_mini_vaults, kennysheep_generic_room_5
D:4:      layout_basic, nicolae_dithmenos_through_a_glass_darkly,
          gammafunk_ghost_smash, uniq_sigmund

Skill      XL: |  1  2  3  4 |
---------------+-------------+-----
Fighting       | 1 2 |  2.5
Spellcasting   | 4 |  4.5
Dodging        | |  2.1
Stealth        | |  1.5

Action                   |  1- 3 |  4- 6 || total
-------------------------+-------+-------++-------
Melee: Dagger            |     1 |     5 ||     6
       Mace              |       |    14 ||    14
 Cast: Magic Dart        |    60 |    41 ||   101
       Dazzling Flash    |       |     1 ||     1
  Use: Scroll            |       |     3 ||     3
       Potion            |       |     2 ||     2
 Stab: Invisible         |       |     1 ||     1
Armor: Robe              |     1 |       ||     1
Dodge: Dodged            |     1 |    15 ||    16

Table legend: (Time is in decaauts)
 A = Elapsed time spent in this place.
 B = Non-inter-level travel time spent in this place.
 C = Inter-level travel time spent in this place.
 D = Time resting spent in this place.
 E = Time spent auto-exploring this place.
 F = Levels seen in this place.
 G = Mean time per level.
                   A        B        C        D        E       F      G
               +--------+--------+--------+--------+--------+-----+--------+
         Total |   3292 |   3163 |    129 |    100 |   2824 |   4 |  823.0 |
       Dungeon |   3292 |   3163 |    129 |    100 |   2824 |   4 |  823.0 |
               +--------+--------+--------+--------+--------+-----+--------+

Top non-repeatable levels by time:
     D:2: 1532 daAuts
     D:1: 1161 daAuts
     D:3: 548 daAuts
     D:4: 50 daAuts
